[Event "Titled Tuesday Blitz January 17 Late 2023"]
[White "Quinones Garcia, Santiago"]
[Black "Mendez Machado, Andre"]
[WhiteFideId "4408497"]
[BlackFideId "6603793"]
[WhiteElo "2248"]
[BlackElo "1974"]
[Result "0-1"]
[Round "11"]
[TimeControl "180+2"]
[Date "2023.01.17"]
[WhiteClock "0:00:58"]
[BlackClock "0:00:11"]

1. d4 Nf6 2. c4 e6 3. Nc3 Bb4 4. Qc2 b6 5. a3 Bxc3+ 6. Qxc3 Bb7 7. f3 c5 8. dxc5 bxc5 9. e4 Nc6 10. Be3 d6 11. Rd1 Qe7 12. b4 cxb4 13. axb4 O-O 14. Ne2 Ne5 15. Nd4 Rac8 16. Nb5 Nxe4 17. fxe4 Qh4+ 18. Bf2 Qxe4+ 19. Be2 Rxc4 20. Qg3 Rc2 21. Qe3 Qxb4+ 22. Kf1 Rxe2 23. Qxe2 Ba6 24. Qd2 Bxb5+ 25. Kg1 Qg4 26. Bg3 Nd3 27. Rb1 Qd4+ 28. Bf2 Qc4 29. Bxa7 Ra8 30. Be3 Ra2 31. Qd1 Qe4 32. Qf3 Qc4 33. h4 h6 34. Kh2 Ne5 35. Qg3 Ng4+ 36. Kh3 h5 37. Rhf1 Ra3 38. Rf3 Bc6 39. Rb8+ Kh7 40. Bf4 Bxf3 41. gxf3 Qf1+ 42. Qg2 Rxf3+ 43. Bg3 Qxg2+ 44. Kxg2 Rd3 45. Rd8 d5 46. Rd7 Ne3+ 47. Kf3 Nf5+ 0-1


[Site "https://www.chess.com"]

[Event "Titled Tuesday Blitz January 17 Late 2023"]
[White "Michalski, Olaf"]
[Black "Abdyzhaparov, Aidar"]
[WhiteFideId "1106740"]
[BlackFideId "13800361"]
[WhiteElo "2273"]
[BlackElo "1978"]
[Result "1-0"]
[Round "11"]
[TimeControl "180+2"]
[Date "2023.01.17"]
[WhiteClock "0:00:26"]
[BlackClock "0:01:05"]

1. d4 d6 2. Nf3 g6 3. c4 Bg7 4. Nc3 Nc6 5. d5 Ne5 6. Nxe5 Bxe5 7. e4 Nf6 8. Bd3 c5 9. Ne2 Ng4 10. h3 Nf6 11. f4 Bd4 12. Nxd4 cxd4 13. O-O Nd7 14. b3 a5 15. Bb2 Qb6 16. Kh1 e5 17. dxe6 fxe6 18. f5 e5 19. fxg6 hxg6 20. Qg4 Nf8 21. Qf3 Be6 22. Qf6 Rg8 23. Ba3 Qc7 24. c5 Qd7 25. cxd6 Rd8 26. Bb5 Rg7 27. Qxg7 1-0


[Site "https://www.chess.com"]

[Event "Titled Tuesday Blitz January 17 Late 2023"]
[White "rikchessmx"]
[Black "Souza, Gustavo Horokoski De"]
[BlackFideId "2146584"]
[WhiteElo "2289"]
[BlackElo "1943"]
[Result "1-0"]
[Round "11"]
[TimeControl "180+2"]
[Date "2023.01.17"]
[WhiteClock "0:02:09"]
[BlackClock "0:00:03"]

1. e4 e6 2. d4 d5 3. Nc3 Nf6 4. Bg5 Be7 5. e5 Nfd7 6. h4 h6 7. Bxe7 Qxe7 8. Qg4 O-O 9. O-O-O a6 10. f4 c5 11. Nf3 cxd4 12. Nxd4 Nc6 13. Rh3 f5 14. Qg6 Nxd4 15. Rxd4 Qf7 16. Qg3 Nc5 17. Bd3 Bd7 18. h5 Rac8 19. Qh4 b5 20. g4 Ne4 21. g5 Nxc3 22. bxc3 Rxc3 23. gxh6 gxh6 24. Rg3+ Kh8 25. Rg6 Qh7 26. Bxf5 exf5 27. e6 Bxe6 28. Rxe6 Qf7 29. Rxh6+ Kg7 30. Qg5+ 1-0


[Site "https://www.chess.com"]

[Event "Titled Tuesday Blitz January 17 Late 2023"]
[White "Papp, Petra"]
[Black "Curtis, John"]
[WhiteFideId "739049"]
[BlackFideId "3200256"]
[WhiteElo "2343"]
[BlackElo "2292"]
[Result "1-0"]
[Round "11"]
[TimeControl "180+2"]
[Date "2023.01.17"]
[WhiteClock "0:00:06"]
[BlackClock "0:00:09"]

1. e4 e5 2. f4 d5 3. exd5 e4 4. d3 Nf6 5. Nc3 Bb4 6. Bd2 e3 7. Bxe3 O-O 8. Be2 Re8 9. Bd2 Bg4 10. h3 Bxc3 11. Bxc3 Bxe2 12. Nxe2 Nxd5 13. O-O Ne3 14. Qd2 Nxf1 15. Rxf1 c5 16. Ng3 Nc6 17. Ne4 b6 18. Qf2 f5 19. Nd2 Nd4 20. Nc4 Re2 21. Qg3 Qd5 22. Ne3 Qe6 23. Bxd4 cxd4 24. Nc4 Re8 25. Ne5 Rxc2 26. Rf2 Rc1+ 27. Kh2 Re1 28. Qf3 Rxe5 29. fxe5 Qxe5+ 30. Kh1 g6 31. g3 Re7 32. Kg2 Kg7 33. h4 h5 34. b3 Qe3 35. Qd1 Qe1 36. Qf3 Qe6 37. Qf4 Qe3 38. Qd6 Re6 39. Qd7+ Re7 40. Qd6 Qe5 41. Qd8 1-0


[Site "https://www.chess.com"]

[Event "Titled Tuesday Blitz January 17 Late 2023"]
[White "Adithya A Chullikkad"]
[Black "Cella, Glaucio Dalla Cortt"]
[WhiteFideId "45078734"]
[BlackFideId "2119455"]
[WhiteElo "2259"]
[BlackElo "1894"]
[Result "1/2-1/2"]
[Round "11"]
[TimeControl "180+2"]
[Date "2023.01.17"]
[WhiteClock "0:00:05"]
[BlackClock "0:00:09"]

1. d4 Nf6 2. Bf4 e6 3. h3 Bd6 4. Bxd6 cxd6 5. e3 O-O 6. c3 d5 7. Bd3 d6 8. Ne2 e5 9. O-O Nc6 10. Nd2 Re8 11. a4 a6 12. Ng3 Rb8 13. Bb1 g6 14. Ba2 Kg7 15. Kh1 Ne7 16. Kg1 Bd7 17. Bb1 Qc7 18. Kh1 b5 19. axb5 axb5 20. Bd3 b4 21. c4 e4 22. Be2 dxc4 23. Bxc4 d5 24. Be2 Ra8 25. Qc1 Qxc1 26. Rfxc1 Rec8 27. Rxa8 Rxa8 28. Rc7 Ra2 29. Ngf1 Rxb2 30. g4 h6 31. h4 g5 32. hxg5 hxg5 33. Ba6 Ng6 34. Rc1 b3 35. Rb1 Ra2 36. Be2 b2 37. Bd1 Bxg4 38. Bb3 Ra1 39. Rxb2 Be2 40. Kg1 Nh4 41. Rb1 Nf3+ 42. Kg2 Nxd2 43. Nxd2 Rxb1 44. Nxb1 Bf3+ 45. Kg1 g4 46. Nc3 Kg6 47. Nxd5 Nxd5 48. Bxd5 Kf6 49. Kh2 Ke7 50. Kg3 f6 51. Kf4 Kd6 52. Bc4 Ke7 53. Kf5 g3 54. fxg3 Bh5 55. Kxe4 Bg6+ 56. Kf4 Kd6 57. e4 Kd7 58. d5 Kd6 59. Ba6 Bh7 60. Bc8 Bg6 61. Bf5 Bf7 62. g4 Bg8 63. g5 fxg5+ 64. Kxg5 Ke5 65. Kg4 Bxd5 66. exd5 Kxd5 1/2-1/2


[Site "https://www.chess.com"]

[Event "Titled Tuesday Blitz January 17 Late 2023"]
[White "Smith, Garrett L"]
[Black "Stanisz, Patryk"]
[WhiteFideId "2024829"]
[BlackFideId "1123106"]
[WhiteElo "2047"]
[BlackElo "2161"]
[Result "0-1"]
[Round "11"]
[TimeControl "180+2"]
[Date "2023.01.17"]
[WhiteClock "0:00:03"]
[BlackClock "0:00:04"]

1. e4 c5 2. a3 Nc6 3. b4 cxb4 4. axb4 Nxb4 5. d4 e6 6. c3 Nc6 7. d5 Ne5 8. f4 Ng6 9. d6 Qb6 10. e5 f6 11. Nf3 Nh6 12. Na3 fxe5 13. Nb5 Ng4 14. Qe2 Bxd6 15. h3 Nh6 16. fxe5 Bc5 17. Ba3 O-O 18. Rb1 Nf4 19. Qc4 Bf2+ 20. Kd1 a6 21. Qc7 Qe3 22. Bc1 Qe4 23. Nd2 Qe1+ 24. Kc2 axb5 25. Ba3 Qe3 26. Bxf8 Ra2+ 27. Kb3 Qxd2 28. Ba3 Qd5+ 29. c4 Rxa3+ 30. Kxa3 Bc5+ 31. Kb2 Qd4+ 32. Kc2 b4 33. Qd8+ Kf7 34. Rd1 Qc3+ 35. Kb1 Nf5 36. Rc1 Qb3+ 37. Ka1 Qa3+ 38. Kb1 Qb3+ 39. Ka1 Bd4+ 40. Rc3 Bxc3# 0-1


[Site "https://www.chess.com"]

[Event "Titled Tuesday Blitz January 17 Late 2023"]
[White "Sabar, Ethmane Daouda"]
[Black "Corredor Castellanos, Camilo"]
[WhiteFideId "19600097"]
[BlackFideId "4425871"]
[WhiteElo "2040"]
[BlackElo "1957"]
[Result "1-0"]
[Round "11"]
[TimeControl "180+2"]
[Date "2023.01.17"]
[WhiteClock "0:00:22"]
[BlackClock "0:00:01"]

1. e4 c5 2. b4 cxb4 3. a3 d5 4. exd5 Nf6 5. Nf3 Nxd5 6. axb4 Nxb4 7. Bb2 Bg4 8. Be2 Qc7 9. Nc3 a6 10. O-O e6 11. Nb5 Qxc2 12. Qxc2 Nxc2 13. Nc7+ Kd8 14. Nxa8 Nxa1 15. Rxa1 Bc5 16. Bxg7 Rg8 17. Bf6+ Ke8 18. Rc1 Nd7 19. Nc7+ Kf8 20. Bb2 Ke7 21. d4 Bb6 22. Ba3+ Kd8 23. Bd6 Nf6 24. Be5 Ne4 25. Kf1 f6 26. Bf4 e5 27. h3 Bxc7 28. hxg4 exf4 29. Bd3 b5 30. Bxe4 Rxg4 31. Bxh7 a5 32. Bf5 Rg7 33. d5 Re7 34. Nd4 Re5 35. Nc6+ Ke8 36. Nxe5 Bxe5 37. Rc5 a4 38. Rxb5 Bc3 39. Rb8+ Ke7 40. Ra8 1-0


[Site "https://www.chess.com"]

[Event "Titled Tuesday Blitz January 17 Late 2023"]
[White "Thiel, Thomas"]
[Black "Marcolino, Daniel Mattos"]
[WhiteFideId "4615964"]
[BlackFideId "2106841"]
[WhiteElo "2234"]
[BlackElo "2006"]
[Result "1/2-1/2"]
[Round "11"]
[TimeControl "180+2"]
[Date "2023.01.17"]
[WhiteClock "0:00:34"]
[BlackClock "0:00:57"]

1. e4 c5 2. Nc3 Nc6 3. Bb5 e6 4. Bxc6 bxc6 5. f4 d5 6. Nf3 Ba6 7. d3 c4 8. d4 c5 9. exd5 exd5 10. Be3 Nf6 11. dxc5 Be7 12. O-O O-O 13. Ne5 Bb7 14. c6 Bc8 15. Qd2 Ne4 16. Nxe4 dxe4 17. Qc3 Bf6 18. Qxc4 Be6 19. Qxe4 Qc7 20. Rfd1 Rac8 21. c3 Bxe5 22. fxe5 Qxc6 23. Qxc6 Rxc6 24. Bxa7 Ra6 25. Bd4 Rxa2 26. Rxa2 Bxa2 27. Ra1 Be6 28. b4 Rb8 29. b5 Kf8 30. b6 Ke8 31. Ra7 g6 32. Kf2 Bd5 33. g3 Rb7 34. Ra8+ Kd7 35. Rh8 h5 36. Ke3 Ke6 37. Kf4 Bc6 38. Rc8 Bd5 39. Rc5 Bg2 40. Rc7 Bd5 41. Rxb7 Bxb7 42. c4 Bc6 43. Bc3 Bb7 44. Ke3 Kd7 45. Kd4 Kc6 46. Ba5 Bc8 47. c5 Be6 48. Bd2 Bc8 49. Be3 Be6 50. Kc3 Bc8 51. Kb4 Bb7 52. Ka5 Bc8 53. Kb4 Bb7 54. Ka5 Bc8 55. Kb4 1/2-1/2


[Site "https://www.chess.com"]